 Dungeon Crawl Stone Soup version 0.31-a0-174-g85c54bcb58 (webtiles) character file.

Game seed: 5440524573339948335

72 qw the Shooter (level 4, 0/28 HPs)
             Began as a Gargoyle Hunter on June 15, 2023.
             Slain by an orc wizard
             ... wielding a +0 dagger
              (3 damage)
             ... on level 3 of the Dungeon.
             The game lasted 00:00:31 (1159 turns).

qw the Shooter (Gargoyle Hunter)                    Turns: 1159, Time: 00:00:31

Health: 0/28       AC:  8    Str: 15    XL:     4   Next: 25%
Magic:  4/4        EV: 11    Int:  9    God:
Gold:   47         SH:  0    Dex: 15    Spells: 3/3 levels left

rFire   . . .        Y - +0 shortbow
rCold   . . .        (shield currently unavailable)
rNeg    + . .        c - +0 leather armour
rPois   inf          (no helmet)
rElec   +            i - +0 cloak
rCorr   .            (no gloves)
SInv    .            m - +0 pair of boots
Will    .....        (no amulet)
Stlth   ++           (no ring)
HPRegen 0.24/turn    (no ring)
MPRegen 0.09/turn

%: no passive effects
@: no status effects
A: sickness immunity, AC +3, negative energy resistance 1, electricity
resistance, torment resistance 1, petrification resistance
a: no special abilities


You were on level 3 of the Dungeon.
You visited 1 branch of the dungeon, and saw 3 of its levels.

You collected 47 gold pieces.


Innate Abilities, Weirdness & Mutations

You are immune to sickness and miasma.
Your stone body is resilient. (AC +3)
You are immune to poison.
You resist negative energy. (rN+)
You are resistant to electric shocks. (rElec)
You are resistant to unholy torment.
You are immune to petrification.


   Skills:
 - Level 3.6 Fighting
 - Level 5.0 Ranged Weapons
 + Level 0.0 Armour
 - Level 1.5 Dodging
 - Level 1.1 Stealth


You had 3 spell levels left.
You didn't know any spells.
Your spell library was empty.

Inventory:

Hand Weapons
 Y - a +0 shortbow (weapon)
Armour
 c - a +0 leather armour (worn)
 i - a +0 cloak (worn)
 m - a +0 pair of boots (worn)
Potions
 b - a potion of heal wounds {unknown}
 d - a potion of cancellation {unknown}
 e - a potion of haste {unknown}
 f - a potion of attraction {unknown}
 k - a potion of lignification {unknown}
 n - a potion of mutation {unknown}

Dungeon Overview and Level Annotations

Branches:
Dungeon (3/15)

Altars:


Message History

Reactivating autopickup.
You feel a bit more experienced.
Your Fighting skill increases to level 3!
You have reached level 4!
You feel stronger.
You shoot an arrow. The arrow barely misses the orc wizard.
The orc wizard barely misses you.
You shoot an arrow. The arrow hits the orc wizard.
The orc wizard is lightly wounded.
The orc wizard hits you but does no damage.
You shoot an arrow.
The arrow hits the orc wizard but does no damage.
The orc wizard is lightly wounded.
The orc wizard hits you but does no damage.
You shoot an arrow.
The arrow closely misses the orc wizard.
The orc wizard hits you but does no damage.
The orc wizard gestures at you while chanting.
You are confused.
The orc wizard hits you but does no damage.
The orc wizard barely misses you.
The orc wizard hits you with a +0 dagger.
The orc wizard misses you.
The orc wizard points at you and mumbles some strange words.
The puff of flame hits you! The orc wizard closely misses you.
You feel less confused. The orc wizard casts a spell at you.
You are confused.
The orc wizard hits you but does no damage.
The orc wizard hits you with a +0 dagger.
The orc wizard hits you but does no damage.
The orc wizard points at you and mumbles some strange words.
The magic dart hits you!
You feel less confused. The orc wizard casts a spell at you.
The puff of flame hits you.
You shoot an arrow. The arrow hits the orc wizard.
The orc wizard is lightly wounded.
The orc wizard hits you with a +0 dagger.
You die...

# #. ... #####
.... ...#
.....##.#####
............#
.....##.###.#
... #.# #.## .
#.##.#@#
#.#.###oo)...#
#.## #####.#
###########.####
...............#
#####.......##.#
#.########## #<#
#.#


You could see an orc wizard and an orc.

Vanquished Creatures
  An orc wizard (D:3)
  A worm (D:2)
  A dart slug (D:1)
  An orc (D:3)
  3 endoplasms
  A giant cockroach (D:1)
  4 goblins
  A hobgoblin (D:1)
  6 jackals (D:1)
  3 kobolds (D:2)
  2 quokkas
  4 ball pythons
  5 bats
  3 rats
36 creatures vanquished.

Notes
Turn   | Place    | Note
-------+----------+-------------------------------------------
     0 | D:1      | qw the Gargoyle Hunter began the quest for the Orb.
     0 | D:1      | Reached XP level 1. HP: 12/12 MP: 1/1
     0 | D:1      | 0 ||| qw: Version: 0.2-a-29-g511e9b1
     0 | D:1      | 0 ||| qw: Game counter: 5337
     0 | D:1      | 0 ||| qw: Always use a shield: true
     0 | D:1      | 0 ||| qw: God list: Okawaru
     0 | D:1      | 0 ||| qw: Allow faded altars: false
     0 | D:1      | 0 ||| qw: Do Orc after D:15 true
     0 | D:1      | 0 ||| qw: Do second Lair branch before Depths: true
     0 | D:1      | 0 ||| qw: Lair rune preference: random
     0 | D:1      | 0 ||| qw: Plans: Normal, Zot:1-4, Slime:5, God:TSO, Crypt,
                  | Tomb, Abyss, Pan, Hells, Win
     0 | D:1      | 0 ||| PLANNING D:1-11
    51 | D:1      | Reached XP level 2. HP: 17/17 MP: 2/2
   345 | D:1      | Found a faded altar of an unknown god.
   444 | D:1      | Reached XP level 3. HP: 21/21 MP: 3/3
   530 | D:1      | 530 ||| DROPPING scroll of butterflies.
   567 | D:2      | Reached skill level 5 in Ranged Weapons
  1062 | D:2      | 1062 ||| UPGRADING to +0 cloak.
  1067 | D:2      | 1067 ||| UPGRADING to +0 pair of boots.
  1072 | D:2      | 1072 ||| DROPPING ring of magical power.
  1073 | D:2      | 1073 ||| READING scroll labelled HINTOT KOFRYDIKOK.
  1074 | D:2      | 1074 ||| READING scroll labelled HEIXIX SUAJENT.
  1075 | D:2      | 1075 ||| READING scroll labelled LEHURO FORE.
  1143 | D:3      | Reached skill level 3 in Fighting
  1143 | D:3      | Reached XP level 4. HP: 21/28 MP: 4/4
  1157 | D:3      | HP: 5/28 [orc wizard/magic dart (8)]
  1159 | D:3      | Slain by an orc wizard

Levels and vault maps discovered:
D:1:      amcnicky_arrival_choice, layout_rooms, serial_curves, eino_curves_01,
          eino_curves_03, eino_curves_03,
          shapermc_ecumenical_altar_mp_ritualfount, nrook_mini_vaults
D:2:      layout_basic, fountainhead
D:3:      layout_loops_ring, old_standard_altar, mainiacjoe_overflow_alcove_2,
          grunt_ministairs_10, minmay_quadrilaterals

Skill      XL: |  1  2  3 |
---------------+----------+-----
Ranged Weapons | 5 |  5.0
Fighting       | 3 |  3.6
Dodging        | |  1.5
Stealth        | |  1.1

Action                     |  1- 3 |  4- 6 || total
---------------------------+-------+-------++-------
   Fire: Shortbow          |   103 |     5 ||   108
    Use: Scroll            |     3 |       ||     3
 Armour: Leather armour    |    16 |     6 ||    22
  Dodge: Dodged            |    21 |     4 ||    25

Table legend:
 A = Non-vault XP
 B = Vault XP
 C = Vault XP percentage of total XP
 D = Non-vault monster count
 E = Vault monster count
 F = Vault count percentage of total count
                 A         B        C        D         E       F
            +---------+---------+-------+---------+---------+-------
      Total |     103 |       0 |   0.0 |      36 |       0 |   0.0
            +---------+---------+-------+---------+---------+-------
        D:1 |      35 |       0 |   0.0 |      18 |       0 |   0.0
        D:2 |      29 |       0 |   0.0 |      16 |       0 |   0.0
        D:3 |      39 |       0 |   0.0 |       2 |       0 |   0.0
            +---------+---------+-------+---------+---------+-------
